 Dungeon Crawl Stone Soup version 0.30.2 (webtiles) character file.

Game seed: 17567452984389624083

31 7151Change the Grave Robber (level 3, 0/14 HPs)
             Began as a Vine Stalker Necromancer on Feb 20, 2024.
             Was a Follower of Hepliaklqana.
             Slain by a gnoll
             ... wielding a +0 whip
              (3 damage)
             ... on level 2 of the Dungeon.
             The game lasted 00:11:40 (930 turns).

7151Change the Grave Robber (VSNe)                   Turns: 930, Time: 00:11:41

Health: 0/14       AC:  2    Str: 10    XL:     3   Next: 22%
Magic:  0/7        EV: 12    Int: 17    God:    Hepliaklqana [*.....]
Gold:   44         SH:  0    Dex: 14    Spells: 6/7 levels left

rFire   . . .        c - +3 short sword
rCold   . . .        (no shield)
rNeg    . . .        a - +0 robe
rPois   .            (no helmet)
rElec   .            (no cloak)
rCorr   .            (no gloves)
SInv    .            (no boots)
Will    .....        (no amulet)
Stlth   ++           (no ring)
HPRegen 0.22/turn    (no ring)
MPRegen 0.10/turn

%: guardian spirit
@: no status effects
A: reduced essence, fangs 2, magic shield, antimagic bite, no potion heal 2
a: Renounce Religion, Recall Ancestor, Ancestor Identity


You were on level 2 of the Dungeon.
You worshipped Hepliaklqana.
Hepliaklqana was aware of your devotion.
You visited 1 branch of the dungeon, and saw 2 of its levels.

You collected 44 gold pieces.

Inventory:

Hand Weapons
 c - a +3 short sword (weapon)
Armour
 a - a +0 robe (worn)
Scrolls
 f - a scroll of noise {unknown}
 g - a scroll of brand weapon {unknown}
 h - a scroll of summoning
Potions
 b - a potion of magic
 d - a potion of resistance {unknown}
 e - a potion of heal wounds (quivered) {unknown}
 i - a potion of curing {unknown}
 j - a potion of haste {unknown}


   Skills:
 + Level 1.7 Dodging
 + Level 2.7 Stealth
 + Level 2.5 Spellcasting
 + Level 4.6 Necromancy


You had 6 spell levels left.
You knew the following spells:

 Your Spells              Type           Power      Damage    Failure   Level
a - Necrotise             Necr           68%        1d7       2%          1

Your spell library contained the following spells:

 Spells                   Type           Power      Damage    Failure   Level
 Vampiric Draining        Necr           17%        2d7       9%          3
 Animate Dead             Necr           17%        N/A       26%         4
 Agony                    Necr           17%        N/A       58%         5


Dungeon Overview and Level Annotations

Branches:
Dungeon (2/15)

Altars:
Hepliaklqana

Shops:
D:1 =


Innate Abilities, Weirdness & Mutations

Your life essence is reduced to manifest your ancestor. (-10% HP)
You have extremely sharp teeth.
When hurt, damage is shared between your health and your magic reserves.
Your bite disrupts and absorbs the magic of your enemies.
Potions cannot restore your health.


Message History

There are no items here.
This altar belongs to (a) Makhleb, (b) Xom or (c) Hepliaklqana, but you can't tell which.
Press the corresponding letter to learn more about a god, or press enter to convert or escape to cancel.
Okay, then.
This altar belongs to (a) Makhleb, (b) Xom or (c) Hepliaklqana, but you can't tell which.
Press the corresponding letter to learn more about a god, or press enter to convert or escape to cancel.
Hepliaklqana accepts your prayer! Hepliaklqana welcomes you!
Hepliaklqana forms a fragment of your life essence into the memory of your ancestor, Nammahani!
You can now recall your ancestor.
You can now remember your ancestor's identity. 2 gnolls come into view.
The gnoll shouts! x2
A gnoll comes into view. It is wielding a +0 whip.
A gnoll comes into view. It is wielding a +0 spear.
The gnoll shouts! x2
Your kobold skeleton crumbles into dust!
Casting: Necrotise (safe; 2% risk of failure)
Confirm with . or Enter, or press ? or * to list all spells.
Aiming: Necrotise (safe; 2% risk of failure)
Press: ? - help, Shift-Dir - straight line, f - gnoll
Aim: a gnoll, wielding a +0 spear (ally target, chance to affect: 81%)
The gnoll writhes in agony.
A worm comes into view.
You swap places.
The gnoll barely misses you. The gnoll hits you with a +0 spear.
You hit the gnoll.
The gnoll is severely wounded.
Nammahani hits the gnoll.
The gnoll completely misses Nammahani.
The gnoll hits Nammahani with a +0 flail!
Nammahani is destroyed!
The gnoll shouts!
You hit the gnoll but do no damage. Your bite misses the gnoll.
The gnoll is almost dead.
The gnoll hits you from afar with a +0 spear.
The gnoll closely misses you. The gnoll attacks as you move away!
The gnoll hits you with a +0 spear!
Ouch! That really hurt!
* * * LOW HITPOINT WARNING * * *
The gnoll attacks as you move away! The gnoll closely misses you. x2
The gnoll attacks as you move away! The gnoll hits you with a +0 whip.
You die...

###################
##..._...@ggg.......
###+####...#######g........
#..........# #.........
#..........# #.........
...........# #.w.......
...)......## #.........
......##### #.........
......# #......... ......#
..........


You could see 4 gnolls.

Vanquished Creatures
  A dart slug (D:1)
  4 endoplasms (D:1)
  A giant cockroach (D:1)
  4 jackals (D:1)
  2 kobolds
  A quokka (D:1)
  6 ball pythons (D:1)
  4 bats (D:1)
  2 rats
25 creatures vanquished.

Vanquished Creatures (others)
  An ancestor (D:2)
1 creature vanquished.

Grand Total: 26 creatures vanquished

Notes
Turn   | Place    | Note
-------+----------+-------------------------------------------
     0 | D:1      | 7151Change the Vine Stalker Necromancer began the quest for
                  | the Orb.
     0 | D:1      | Reached XP level 1. HP: 9/9 MP: 4/4
    39 | D:1      | Found Gasar's One-of-a-Kind Rings.
   165 | D:1      | Reached XP level 2. HP: 13/13 MP: 4/6
   494 | D:1      | Reached XP level 3. HP: 13/16 MP: 4/7
   897 | D:2      | Found a faded altar of an unknown god.
   913 | D:2      | Prayed at the altar of an unknown god.
   913 | D:2      | Became a worshipper of Hepliaklqana the Forgotten
   913 | D:2      | Reached * piety under Hepliaklqana
   930 | D:2      | Slain by a gnoll

Illustrated notes

Levels and vault maps discovered:
D:1:      dpeg_arrival_rooms_with_view, layout_loops_cross,
          hangedman_feature_mirror, nicolae_shop_unique_rings
D:2:      layout_basic, basic_ecumenical_altar

Action                     || total
---------------------------++-------
  Melee: Unarmed           ||     9
         Bite              ||     6
         Short sword       ||    22
   Cast: Necrotise         ||    17
    Use: Scroll            ||     2
   Stab: Sleeping          ||     2
         Distracted        ||     1
 Armour: Robe              ||     8
  Dodge: Dodged            ||    20
